 Dungeon Crawl Stone Soup version 0.21.0-22-g11d5b52 (webtiles) character file.

157 asishallab the Shield-Bearer (level 5, -4/41 HPs)
             Began as a Formicid Fighter on Jan 18, 2018.
             Was an Initiate of Cheibriados.
             Splashed by a jelly's acid (6 damage)
             ... on level 3 of the Dungeon.
             The game lasted 00:06:11 (2249 turns).

asishallab the Shield-Bearer (Formicid Fighter)     Turns: 2249, Time: 00:06:13

Health: -4/41      AC: -2    Str: 19 (21) XL:     5   Next: 66%
Magic:  6/6        EV:  4    Int:  9      God:    Cheibriados [......]
Gold:   158        SH: 14    Dex: 12      Spells: 4/4 levels left

rFire    . . .     SeeInvis +   a - +0 war axe
rCold    . . .     Gourm    .   n - +0 large shield
rNeg     . . .     Faith    .   e - +0 chain mail
rPois    .         Spirit   .   (helmet unavailable)
rElec    .         Reflect  .   (no cloak)
rCorr    .         Harm     .   (no gloves)
MR       .....                  (no boots)
Stlth    ..........             (no amulet)
HPRegen  0.13/turn              (no ring)
MPRegen  0.10/turn              (no ring)

@: corroded, very slow
A: permanent stasis, dig shafts and tunnels, four strong arms, antennae 3
a: Dig, Shaft Self, Bend Time, Renounce Religion


You were on level 3 of the Dungeon.
You worshipped Cheibriados.
Cheibriados was noncommittal.
You were not hungry.

You visited 1 branch of the dungeon, and saw 3 of its levels.

You collected 158 gold pieces.

Inventory:

Hand Weapons
 a - a +0 war axe (weapon)
 b - a +4 hunting sling
Armour
 c - a +0 shield
 e - a +0 chain mail (worn)
 n - a +0 large shield (worn)
Scrolls
 g - a scroll of remove curse {unknown}
 l - 2 scrolls of amnesia {unknown}
 m - a scroll of enchant weapon
 p - a scroll of random uselessness {unknown}
 q - a scroll of fog {unknown}
Potions
 d - 3 potions of might
 i - a potion of heal wounds {unknown}
 j - a potion of agility
 k - a potion of magic
 o - a potion of resistance {unknown}
Comestibles
 f - 2 rations


   Skills:
 - Level 3.2 Fighting
 * Level 4.4 Axes
 - Level 3.2 Armour
 + Level 4.9 Shields
 + Level 1.4 Invocations


You had 4 spell levels left.
You didn't know any spells.

Dungeon Overview and Level Annotations

Branches:
Dungeon (3/15)

Altars:
Ashenzari
Cheibriados
Gozag
Nemelex Xobeh

Portals:
Abyss: D:1***


Innate Abilities, Weirdness & Mutations

You cannot be hasted, slowed, berserked, paralysed or teleported.
You can dig through walls and to a lower floor.
Your four strong arms can wield two-handed weapons with a shield.
You have a pair of large antennae on your head. (SInv)


Message History

You hit the jelly but do no damage. The acid corrodes you!
Your hands burn!
The jelly is lightly wounded.
The jelly jiggles.
The jelly hits you.
You are splashed with acid!
The acid burns!
You block the jelly's attack.
You are too injured to fight recklessly!
You are too injured to fight recklessly!
You are too injured to fight recklessly!
You are too injured to fight recklessly!
Your shield and chain mail prevent you from hitting the jelly.
The jelly is lightly wounded.
You block the jelly's attack.
You hit the jelly. The acid corrodes you!
Your hands burn!
The jelly is moderately wounded.
The jelly hits you.
You are splashed with acid!
The acid burns!
* * * LOW HITPOINT WARNING * * *
The jelly hits you.
* * * LOW HITPOINT WARNING * * *
You are splashed with acid!
The acid burns!
You die...

............##########.
#...........#####....#.
+...........'........>.
#...........####.......
#......................
##...#+#....<......<....
........................
#######.##..........#.#.
#@#########..##.#. { #J#
#.....#' J#. ##...... #(
.# #....... {#) +#{
+....... #( { +....... {
#( { +....... #( {{
#....... { #.......


You could see a jelly and an ooze.

Vanquished Creatures
  A jelly (D:3)
  Natasha (D:3)
  4 adders (D:2)
  3 oozes (D:3)
  A worm (D:2)
  4 leopard geckos (D:1)
  2 giant cockroaches
  3 goblins
  3 hobgoblins (D:1)
  7 jackals (D:1)
  4 bats
  A frilled lizard (D:1)
  5 kobolds
  5 rats
44 creatures vanquished.

Vanquished Creatures (others)
  6 fungi (D:3)
  6 toadstools (D:3)
12 creatures vanquished.

Grand Total: 56 creatures vanquished

Notes
Turn   | Place    | Note
-------+----------+-------------------------------------------
     0 | D:1      | asishallab the Formicid Fighter began the quest for the Orb.
     0 | D:1      | Reached XP level 1. HP: 18/18 MP: 1/1
   182 | D:1      | Reached XP level 2. HP: 18/24 MP: 2/2
   462 | D:1      | Reached XP level 3. HP: 29/29 MP: 3/3
  1268 | D:2      | Reached XP level 4. HP: 27/35 MP: 4/4
  1539 | D:2      | Found a snail-covered altar of Cheibriados.
  1547 | D:2      | Became a worshipper of Cheibriados the Contemplative
  1661 | D:2      | Found a sparkling altar of Nemelex Xobeh.
  1907 | D:2      | Found a shattered altar of Ashenzari.
  1908 | D:2      | Found an opulent altar of Gozag.
  1974 | D:3      | Noticed Natasha
  1984 | D:3      | Killed Natasha
  1984 | D:3      | Reached XP level 5. HP: 29/41 MP: 5/5
  2207 | D:3      | Reached skill level 1 in Invocations
  2249 | D:3      | HP: 2/41 [jelly (3)]
  2249 | D:3      | Splashed by a jelly's acid

Skill      XL: |  1  2  3  4  5 |
---------------+----------------+-----
Shields        | 4 |  4.9
Axes           | 3 4 |  4.4
Invocations    | 1 |  1.4
Fighting       | |  3.2
Armour         | |  3.2

Action                   |  1- 3 |  4- 6 || total
-------------------------+-------+-------++-------
Melee: War axe           |   130 |    50 ||   180
 Fire: Hunting sling     |     5 |    32 ||    37
Throw: Stone             |    11 |       ||    11
 Abil: Dig               |       |     1 ||     1
  Use: Potion            |     4 |       ||     4
       Scroll            |     2 |       ||     2
  Eat: Chunk             |     1 |     2 ||     3
       Ration            |       |     1 ||     1
Armor: Chain mail        |    81 |    29 ||   110
Dodge: Dodged            |    29 |     7 ||    36
Block: Shield            |    72 |     4 ||    76
       Large shield      |       |    34 ||    34
